 Dungeon Crawl Stone Soup version 0.20-a0-631-g6870b83 (webtiles) character file.

1094 AlphabetPasta the Firebug (level 8, 0/52 HPs)
             Began as a Human Fire Elementalist on Feb 10, 2017.
             Was a Believer of Vehumet.
             Shot with an arrow by a centaur (11 damage)
             ... on level 6 of the Dungeon on Feb 11, 2017.
             The game lasted 00:28:29 (5879 turns).

AlphabetPasta the Firebug (Human Fire Elementalist) Turns: 5879, Time: 00:28:30

Health: 0/52       AC:  4    Str:  8    XL:     8   Next: 57%
Magic:  13/15      EV: 12    Int: 18    God:    Vehumet [**....]
Gold:   290        SH:  0    Dex: 14    Spells: 10/16 levels left

rFire    . . .     SeeInvis .   g - +0 dagger
rCold    . . .     Gourm    .   a - +1 robe
rNeg     . . .     Faith    .   (no shield)
rPois    .         Spirit   .   (no helmet)
rElec    .         Reflect  .   (no cloak)
rCorr    .         Harm     .   e - +0 pair of gloves
MR       .....                  (no boots)
Stlth    ++........             (no amulet)
Regen    0.2/turn               (no ring)
                                (no ring)

@: no status effects
A: no striking features
a: Renounce Religion


You were on level 6 of the Dungeon.
You worshipped Vehumet.
Vehumet was pleased with you.
You were not hungry.

You visited 1 branch of the dungeon, and saw 6 of its levels.

You collected 290 gold pieces.

Inventory:

Hand Weapons
 f - a +2 flail of holy wrath
 g - a +0 dagger (weapon)
Missiles
 p - 6 silver javelins (quivered)
Armour
 a - a +1 robe (worn)
 e - a +0 pair of gloves (worn)
Wands
 m - a wand of flame (34/48)
 q - a wand of confusion (18/48)
 s - a wand of lightning (8/15)
Scrolls
 d - 2 scrolls of remove curse
 t - a scroll of noise {unknown}
 u - a scroll of enchant weapon {unknown}
 x - a scroll of fear
Potions
 i - 2 potions of flight
 k - a potion of agility
 l - a potion of curing
 n - a potion of might
 o - 2 potions of brilliance
 r - a potion of cancellation
 v - 2 potions of lignification {unknown}
Books
 b - a book of Flames

   Spells                             Type                      Level
   a - Flame Tongue                   Conjuration/Fire             1
   b - Throw Flame                    Conjuration/Fire             2
   c - Conjure Flame                  Conjuration/Fire             3
   d - Inner Flame                    Hexes/Fire                   3
   e - Sticky Flame                   Conjuration/Fire             4
   f - Fireball                       Conjuration/Fire             5
Comestibles
 c - 3 bread rations
 h - a royal jelly
 j - 3 meat rations
 w - a chunk of flesh


   Skills:
 - Level 2.0 Dodging
 - Level 2.0 Stealth
 + Level 4.7 Spellcasting
 + Level 4.7 Conjurations
 * Level 7.3 Fire Magic


You had 10 spell levels left.
You knew the following spells:

 Your Spells              Type           Power        Failure   Level  Hunger
a - Flame Tongue          Conj/Fire      ####.        1%          1    None
b - Throw Flame           Conj/Fire      ####..       1%          2    #......
c - Conjure Flame         Conj/Fire      ####....     3%          3    ###....


Dungeon Overview and Level Annotations

Branches:
Dungeon (6/15)             Temple (0/1) D:4

Altars:
Dithmenos
Fedhas
Hepliaklqana
Kikubaaqudgha
Makhleb
Nemelex Xobeh
Qazlal
Vehumet

Shops:
D:5 (

Annotations:
D:3 Grinder


Message History

Casting: Flame Tongue
Confirm with . or Enter, or press ? or * to list all spells.
Aiming: Flame Tongue
Press: ? - help, Shift-Dir - straight line, f/p - worker ant
Aim: a worker ant (almost dead)
The flame tongue hits the worker ant.
You kill the worker ant!
Vehumet accepts your kill.
You feel your power returning.
The centaur shoots an arrow.
The arrow hits you!
Things that are here:
an arrow; a worker ant corpse The centaur shoots an arrow.
The arrow hits you!
You see here an arrow.
The centaur shoots an arrow.
The arrow hits you!
* * * LOW HITPOINT WARNING * * *
There is a stone staircase leading up, spattered with blood here.
You see here an arrow.
The centaur shoots an arrow.
The arrow hits you!
You die...

#..........# #..........#
#..........# ##........##
#####..........# .....c..##
##...<..........# .........#
##...............#
.........#
#................#
.........#
#....@.......)...#
.........#
#....(..........##
........>###..............##
.>......(........(...######
......<.###..........#
###.......#.........(#
#...?..............#
#......c...?.......#
#...................


You could see a centaur.

Vanquished Creatures
  A hippogriff (D:4)
  Edmund (D:4)
  A centaur (D:5)
  2 scorpions (D:5)
  3 vampire bats (D:4)
  A howler monkey (D:4)
  A bullfrog zombie (D:5)
  A jelly (D:5)
  2 orc priests (D:4)
  2 hounds
  An orc wizard (D:4)
  An iguana (D:4)
  3 worker ants
  A hound skeleton (D:4)
  4 adders
  2 gnolls (D:1)
  An ooze (D:1)
  5 worms
  A dart slug (D:2)
  A leopard gecko (D:1)
  An orc (D:4)
  10 bats
  2 bat skeletons (D:4)
  3 bat zombies (D:4)
  5 giant cockroaches
  6 goblins
  9 hobgoblins
  3 jackals (D:1)
  9 kobolds
  7 quokkas
  4 ball pythons
  4 frilled lizards
  A leopard gecko skeleton (D:4)
  A quokka skeleton (D:4)
  3 rats (D:1)
103 creatures vanquished.

Notes
Turn   | Place    | Note
-------+----------+-------------------------------------------
     0 | D:1      | AlphabetPasta the Human Fire Elementalist began the quest for the Orb.
     0 | D:1      | Reached XP level 1. HP: 13/13 MP: 3/3
   101 | D:1      | Reached XP level 2. HP: 19/19 MP: 0/5
   192 | D:1      | Learned a level 2 spell: Throw Flame
   456 | D:1      | Reached XP level 3. HP: 21/24 MP: 2/6
   461 | D:1      | Learned a level 3 spell: Conjure Flame
  1118 | D:1      | Reached XP level 4. HP: 30/30 MP: 3/7
  1252 | D:1      | You fall through a shaft!
  1266 | D:2      | Reached skill level 4 in Fire Magic
  1655 | D:2      | Found a radiant altar of Vehumet.
  1687 | D:2      | Found a shadowy altar of Dithmenos.
  1688 | D:2      | Found a hazy altar of Hepliaklqana.
  1694 | D:2      | Became a worshipper of Vehumet
  2015 | D:2      | Reached XP level 5. HP: 35/35 MP: 2/9
  2173 | D:2      | Found a blossoming altar of Fedhas.
  2225 | D:2      | Found a stormy altar of Qazlal.
  2738 | D:3      | Noticed Grinder
  2749 | D:3      | Paralysed by Grinder for 7 turns
  2755 | D:3      | HP: 1/35 [Grinder (6)]
  3132 | D:3      | Found a sparkling altar of Nemelex Xobeh.
  3478 | D:4      | Reached * piety under Vehumet
  3478 | D:4      | Offered knowledge of Sting by Vehumet.
  3537 | D:4      | Found a staircase to the Ecumenical Temple.
  3572 | D:4      | Noticed a hippogriff
  3631 | D:4      | HP: 1/35 [hippogriff (5)]
  3633 | D:4      | Killed a hippogriff
  3633 | D:4      | Reached skill level 5 in Fire Magic
  3633 | D:4      | Reached XP level 6. HP: 1/41 MP: 2/11
  4011 | D:4      | Upgraded the game from 0.20-a0-629-gc37eb77 to 0.20-a0-631-g6870b83
  4113 | D:4      | Found a stormy altar of Qazlal.
  4129 | D:4      | Reached XP level 7. HP: 46/46 MP: 9/12
  4266 | D:4      | Noticed a fire elemental
  4266 | D:4      | Noticed a water elemental
  4266 | D:4      | Noticed an air elemental
  4308 | D:4      | Reached skill level 6 in Fire Magic
  4529 | D:4      | Found an ancient bone altar of Kikubaaqudgha.
  4659 | D:4      | Noticed Edmund
  4671 | D:4      | Killed Edmund
  4671 | D:4      | Reached XP level 8. HP: 41/52 MP: 5/14
  4955 | D:5      | Entered Level 5 of the Dungeon
  5003 | D:5      | Found Ujererr's Antique Weapon Shop.
  5087 | D:5      | Reached skill level 7 in Fire Magic
  5220 | D:5      | Offered knowledge of Magic Dart by Vehumet.
  5276 | D:5      | Found a burning altar of Makhleb.
  5874 | D:6      | Reached ** piety under Vehumet
  5879 | D:6      | Shot with an arrow by a centaur

Vault maps used:
D:1:      matt_arrival_los_fun, minmay_pentomino_p4
D:2:      kennysheep_big_flooded_room, gammafunk_temple_overflow_forgotten,
          lemuel_doored_altar, lemuel_round_altar, first_bread, serial_glass,
          glass_columns_b, glass_columns_b
D:3:      lemuel_crystal_altar, minmay_misc_feat_chi,
          nemelex_diamond_rough_becter, uniq_grinder
D:4:      kennysheep_vampire_church, minmay_temple_entry_nine_rooms,
          nicolae_qazlal_style_of_elements, uniq_edmund
D:5:      lemuel_crystal_altar, serial_shops, shop
D:6:      tso_altar, amethyst_overflow_temple_binary

Skill      XL: |  1  2  3  4  5  6  7  8 |
---------------+-------------------------+-----
Conjurations   | 2 3 4 |  4.7
Fire Magic     | 4 5 6 7 |  7.3
Spellcasting   | 3 4 |  4.7
Dodging        | |  2.0
Stealth        | |  2.0

Action                   |  1- 3 |  4- 6 |  7- 9 || total
-------------------------+-------+-------+-------++-------
Melee: Dagger            |     5 |    11 |       ||    16
Throw: Javelin           |       |     1 |       ||     1
 Cast: Flame Tongue      |    62 |    96 |    87 ||   245
       Throw Flame       |       |     5 |     6 ||    11
       Conjure Flame     |       |     2 |     1 ||     3
  Use: Scroll            |     3 |     7 |     3 ||    13
       Potion            |       |     7 |       ||     7
 Stab: Sleeping          |     2 |     4 |       ||     6
  Eat: Chunk             |     1 |     9 |     6 ||    16
       Fruit             |       |     1 |       ||     1
Armor: Robe              |     3 |    10 |    10 ||    23
Dodge: Dodged            |    11 |    21 |    30 ||    62
